 Dungeon Crawl Stone Soup version 0.13-a0-2519-g3c5fe84 (webtiles) character file.

6661 Grabo the Basher (level 10, 0/68 HPs)
             Began as a Demonspawn Death Knight on July 24, 2013.
             Was a High Priest of Yredelemnul.
             Killed from afar by smajdalf's ghost (2 damage)
             ... with a magic dart
             ... on Level 10 of the Dungeon.
             The game lasted 00:29:36 (11811 turns).

Grabo the Basher (Demonspawn Death Knight)         Turns: 11811, Time: 00:29:37

HP   0/68        AC 12     Str 14      XL: 10   Next: 64%
MP  25/25        EV  6     Int 13      God: Yredelemnul [*****.]
Gold 329         SH 14     Dex 15      Spells:  0 memorised,  9 levels left

Res.Fire  : . . .   See Invis. : .   l - +0,+3 orc morningstar (drain)
Res.Cold  : + . .   Warding    : .   f - +0 ring mail
Life Prot.: . . .   Conserve   : .   b - +0 orc shield
Res.Poison: .       Res.Corr.  : .   o - +1 helmet
Res.Elec. : .       Clarity    : .   I - +0 cloak
Sust.Abil.: . .     Spirit.Shd : .   r - +0 pair of gloves (curse)
Res.Mut.  : .       Stasis     : .   s - +0 pair of boots
Res.Rott. : .       Flight     : .   y - cursed amulet of faith
Saprovore : . . .                    (no ring)
                                     (no ring)

@: non-regenerating, badly diseased, somewhat resistant to hostile enchantments,
stealthy
A: claws 2, cold resistance 1, nightstalker 2, AC +2
a: Animate Dead, Recall Undead Slaves, Injury Mirror, Drain Life, Enslave Soul,
Renounce Religion


You were on level 10 of the Dungeon.
You worshipped Yredelemnul.
Yredelemnul was exalted by your worship.
You were not hungry.

You visited 2 branches of the dungeon, and saw 11 of its levels.

You collected 461 gold pieces.
You spent 152 gold pieces at shops.

Inventory:

Hand weapons
 l - a +0,+3 orcish morningstar of draining (weapon)
Missiles
 g - 11 javelins (quivered)
Armour
 b - a +0 orcish shield (worn)
 f - a +0 ring mail (worn)
 o - a +1 helmet (worn)
 r - a cursed +0 pair of gloves (worn)
 s - a +0 pair of boots (worn)
 I - a +0 cloak (worn)
Magical devices
 a - a wand of digging (12)
 n - a wand of lightning (0)
 p - a wand of magic darts (1)
 t - a wand of digging (9)
 C - a wand of cold (5)
Comestibles
 c - 9 bread rations
 k - 6 beef jerkies
 B - a meat ration
 J - 2 pears
Scrolls
 e - a scroll of fear
 j - 2 scrolls of blinking
 w - 3 scrolls of remove curse
 z - 2 scrolls of enchant armour
 D - a scroll of identify
 G - 2 scrolls of teleportation
Jewellery
 m - an uncursed amulet of stasis
 q - an uncursed amulet of warding
 y - a cursed amulet of faith (around neck)
Potions
 d - a potion of berserk rage
 h - a potion of agility
 i - a potion of curing
 v - 3 potions of flight
 x - 2 potions of restore abilities
 A - 3 potions of heal wounds
 E - 2 potions of invisibility
 K - a potion of speed
Books
 u - a book of Enchantments

   Spells                             Type                      Level
   Cause Fear                         Hexes                        4
   Silence                            Hexes/Air                    5
   Tukima's Dance                     Hexes                        5
   Deflect Missiles                   Charms/Air                   6
   Haste                              Charms                       6
   Discord                            Hexes                        8
 H - a book of Party Tricks

   Spells                             Type                      Level
   Summon Butterflies                 Summoning                    1
   Apportation                        Translocation                1
   Blink                              Translocation                2
   Alistair's Intoxication            Transmutation/Poison         4
   Tukima's Dance                     Hexes                        5


   Skills:
 - Level 2.0 Fighting
 * Level 12.2 Maces & Flails
 - Level 0.8 Armour
 - Level 0.8 Dodging
 - Level 12.0 Invocations


You had 9 spell levels left.
You didn't know any spells.

Dungeon Overview and Level Annotations

Branches:
Dungeon (10/27)            Temple (1/1) D:4             Orc (0/4) D:7
   Lair: D:8-13

Altars:
Cheibriados
Elyvilon
Makhleb
Nemelex Xobeh
Okawaru
Sif Muna
Vehumet
the Shining One

Shops:
D:6: *[=(

Annotations
D:10 smajdalf's ghost, experienced FeCj


Innate Abilities, Weirdness & Mutations

You have very sharp fingernails.
You are partially covered in slimy green scales (AC +2).
Your flesh is cold resistant.
You are significantly more attuned to the shadows.


Message History

Smajdalf's ghost completely misses you.
You completely miss smajdalf's ghost.
Smajdalf's ghost is moderately damaged.
Your wraith misses smajdalf's ghost.
Smajdalf's ghost points at you and mumbles some strange words.
The magic dart hits you!
* * * LOW HITPOINT WARNING * * *
Your shield prevents you from hitting smajdalf's ghost.
Smajdalf's ghost is moderately damaged.
Smajdalf's ghost points at you and mumbles some strange words.
The magic dart hits you!
* * * LOW HITPOINT WARNING * * *
Your wraith completely misses smajdalf's ghost.
Your shield and ring mail prevent you from hitting smajdalf's ghost.
Smajdalf's ghost is moderately damaged.
Smajdalf's ghost screams, "Zot is a myth, the ORB is a fable, you'll soon be a tale!"
Smajdalf's ghost casts a spell at you. The magic dart hits you!
You die...
Your body rises from the dead as a mindless zombie.

#####.###.###.# #.
#.# #.###.# #. #.#
#....W# #. #.#
##.##.###.
######.####z##W..'.
#..............###.
#.####.####.#### #.
#.###.####.# #.# #.
#.....@....# #.# #.
#.###p###### #. .
#W# # #'###*#######
..*..#........
.....#........
....(.#.......
......%.......
>.....#.......


You could see smajdalf's ghost and a friendly wraith.

Vanquished Creatures
  Joseph (D:9)
  Psyche (D:8)
  A hungry ghost (D:9)
  3 yaks
  A wyvern (D:8)
  A manticore (D:9)
  A necrophage (D:8)
  A sky beast (D:8)
  A hippogriff (D:8)
  2 orc warriors
  5 ogres
  A centaur (D:8)
  2 giant frogs (D:9)
  A wyvern zombie (D:8)
  11 big kobolds (D:8)
  A troll zombie (D:9)
  A water moccasin (D:8)
  4 wights (D:8)
  A hippogriff skeleton (D:9)
  A crimson imp (D:7)
  A quasit (D:6)
  3 hounds
  A scorpion (D:9)
  5 orc wizards
  5 iguanas
  A killer bee zombie (D:8)
  Jessica (D:3)
  An ogre skeleton (D:5)
  A jelly (D:5)
  A mummy (D:8)
  4 orc priests
  14 adders
  17 gnolls
  4 worker ants
  A giant centipede (D:9)
  A worm zombie (D:5)
  4 worms
  An adder zombie (D:5)
  2 iguana skeletons (D:8)
  2 giant eyeballs
  9 giant geckos
  An ooze (D:5)
  17 orcs
  A ball python (D:3)
  18 bats
  A bat zombie (D:8)
  9 goblins
  20 hobgoblins
  18 kobolds
  2 quokkas (D:2)
  8 giant cockroaches
  3 giant newts (D:2)
  A goblin skeleton (D:5)
  A hobgoblin skeleton (D:6)
  2 hobgoblin zombies
  A quokka skeleton (D:8)
  18 rats
  2 butterflies (D:3)
243 creatures vanquished.

Vanquished Creatures (collateral kills)
  The ghost of patman the Basher, an experienced TeGl of Kikubaaqudgha (D:7)
  A komodo dragon (D:10)
  A hydra zombie (D:9)
  A troll (D:9)
  A hungry ghost (D:9)
  6 yaks
  A yellow wasp (D:8)
  5 orc warriors
  A centaur (D:8)
  A water moccasin (D:9)
  A goliath beetle (D:9)
  An orc wizard (D:8)
  A wight (D:8)
  A hound (D:8)
  2 orc priests (D:7)
  3 worker ants
  A water moccasin skeleton (D:4)
  2 iguanas (D:4)
  A gnoll (D:9)
  A giant centipede (D:9)
  A giant mite (D:5)
  A worm (D:8)
  11 orcs
  A giant cockroach (D:3)
  A hobgoblin (D:4)
  2 quokkas (D:4)
  A bat (D:8)
  A giant gecko zombie (D:4)
  2 goblins
  A kobold (D:4)
  A butterfly (D:3)
56 creatures vanquished.

Vanquished Creatures (others)
  4 flying skulls
  An orc warrior (D:7)
  A wight (D:8)
  A centaur zombie (D:8)
  A yellow wasp zombie (D:8)
  An orc priest (D:7)
  A hound (D:8)
  A human zombie (D:8)
  3 big kobold zombies (D:8)
  An orc zombie (D:8)
  A hound zombie (D:8)
  An orc (D:7)
  A bat zombie (D:8)
  A kobold (D:8)
  A goblin (D:2)
  A goblin zombie (D:8)
  A kobold zombie (D:8)
22 creatures vanquished.

Grand Total: 321 creatures vanquished

Notes
Turn   | Place    | Note
--------------------------------------------------------------
     0 | D:1      | Grabo, the Demonspawn Death Knight, began the quest for the Orb.
     0 | D:1      | Reached XP level 1. HP: 16/16 MP: 2/2
    97 | D:1      | Gained mutation: You are slightly more attuned to the shadows. [demonic ancestry]
    97 | D:1      | Reached XP level 2. HP: 11/22 MP: 4/4
   574 | D:1      | Reached skill level 4 in Invocations
   960 | D:2      | Acquired Yredelemnul's second power
  1074 | D:2      | Gained mutation: You are significantly more attuned to the shadows. [demonic ancestry]
  1074 | D:2      | Reached XP level 3. HP: 12/27 MP: 6/6
  1431 | D:2      | Gained mutation: You are partially covered in slimy green scales (AC +2). [demonic ancestry]
  1431 | D:2      | Reached XP level 4. HP: 23/34 MP: 8/8
  1968 | D:3      | Noticed an ogre
  1975 | D:3      | Reached skill level 5 in Invocations
  1990 | D:3      | Killed an ogre
  1990 | D:3      | Gained mutation: Your flesh is cold resistant. [demonic ancestry]
  1990 | D:3      | Reached XP level 5. HP: 20/39 MP: 10/10
  2140 | D:3      | Noticed Jessica
  2150 | D:3      | Killed Jessica
  2169 | D:3      | Found a white marble altar of Elyvilon.
  2429 | D:3      | Acquired Yredelemnul's third power
  3187 | D:4      | Reached XP level 6. HP: 42/45 MP: 12/12
  3201 | D:4      | Reached skill level 6 in Invocations
  3285 | D:4      | Found a staircase to the Ecumenical Temple.
  3336 | D:4      | Found a sparkling altar of Nemelex Xobeh.
  3384 | D:4      | Reached skill level 5 in Maces & Flails
  3406 | D:4      | Found a burning altar of Makhleb.
  3432 | D:4      | Found a glowing golden altar of the Shining One.
  3990 | Temple   | Entered the Ecumenical Temple
  4049 | D:5      | Entered Level 5 of the Dungeon
  4201 | D:5      | Found a white marble altar of Elyvilon.
  4237 | D:5      | Reached XP level 7. HP: 44/50 MP: 15/15
  4248 | D:5      | Acquired Yredelemnul's fourth power
  4251 | D:5      | Reached skill level 7 in Invocations
  4550 | D:5      | Received a gift from Yredelemnul
  5231 | D:6      | Found Wyutsov's Armour Boutique.
  5330 | D:6      | Found Schaowkot's Antique Weapon Boutique.
  5540 | D:6      | Found Craupneo's Jewellery Emporium.
  5547 | D:6      | Bought an uncursed amulet of inaccuracy for 30 gold pieces
  5913 | D:6      | Found Pumidur's Assorted Antiques.
  5920 | D:6      | Bought a scroll labeled LEIRAPEHAORR for 25 gold pieces
  5920 | D:6      | Bought a scroll labeled WOYXTETSYOJ for 25 gold pieces
  5920 | D:6      | Bought a scroll labeled LEIRAPEHAORR for 25 gold pieces
  5920 | D:6      | Bought a scroll labeled VIGUAP DUYKUFOS for 25 gold pieces
  5920 | D:6      | Bought a brown potion for 22 gold pieces
  6248 | D:7      | Found an iron altar of Okawaru.
  6379 | D:7      | Paralysed by a giant eyeball for 4 turns
  6571 | D:7      | Received a gift from Yredelemnul
  6742 | D:7      | Reached XP level 8. HP: 36/57 MP: 18/18
  6744 | D:7      | Reached skill level 8 in Invocations
  6992 | D:7      | Found a staircase to the Orcish Mines.
  7238 | D:7      | Noticed patman's ghost (experienced TeGl)
  7243 | D:7      | Killed patman's ghost
  7295 | D:8      | Found a deep blue altar of Sif Muna.
  7301 | D:8      | Found a snail-covered altar of Cheibriados.
  7520 | D:8      | Found a radiant altar of Vehumet.
  7523 | D:8      | Reached skill level 9 in Invocations
  7750 | D:8      | Noticed Psyche
  7757 | D:8      | Killed Psyche
  7791 | D:8      | Gained mutation: You have sharp fingernails. [demonic ancestry]
  7791 | D:8      | Reached XP level 9. HP: 23/62 MP: 21/21
  8202 | D:8      | Reached skill level 10 in Invocations
  8204 | D:8      | Your ally Psyche died
  8618 | D:8      | Acquired Yredelemnul's fifth power
  8645 | D:8      | Reached skill level 10 in Maces & Flails
  8645 | D:8      | Received a gift from Yredelemnul
  8645 | D:8      | Received a gift from Yredelemnul
  8770 | D:8      | Reached skill level 11 in Invocations
  9944 | D:8      | Gained mutation: You have very sharp fingernails. [demonic ancestry]
  9944 | D:8      | Reached XP level 10. HP: 24/68 MP: 24/24
 10174 | D:9      | Paralysed by a giant eyeball for 4 turns
 10703 | D:9      | Noticed Joseph
 10725 | D:9      | Killed Joseph
 10924 | D:9      | HP: 2/68 [hungry ghost (3)]
 11104 | D:9      | Received a gift from Yredelemnul
 11277 | D:9      | Reached skill level 12 in Invocations
 11683 | D:10     | Entered Level 10 of the Dungeon
 11687 | D:10     | Received a gift from Yredelemnul
 11778 | D:10     | Noticed smajdalf's ghost (experienced FeCj)
 11794 | D:10     | HP: 3/68 [battlesphere[smajdalf's ghost] (10)]
 11810 | D:10     | HP: 2/68 [smajdalf's ghost/magic dart (9)]
 11811 | D:10     | Killed from afar by smajdalf's ghost

Action                   |  1- 3 |  4- 6 |  7- 9 | 10-12 || total
-------------------------+-------+-------+-------+-------++-------
Melee: Mace              |   122 |   238 |       |       ||   360
       Morningstar       |       |    29 |   351 |   154 ||   534
Throw: Javelin           |       |       |     4 |     6 ||    10
Invok: Injury Mirror     |       |     1 |       |       ||     1
       Animate Dead      |       |     2 |     9 |       ||    11
       Animate Remains   |       |     1 |       |       ||     1
Evoke: Wand              |     4 |     4 |    10 |    10 ||    28
  Use: Scroll            |     4 |     8 |    11 |     3 ||    26
       Potion            |       |       |     1 |     2 ||     3
 Stab: Sleeping          |     7 |     6 |     9 |     1 ||    23
       Distracted        |       |       |     1 |     2 ||     3
